Description

This opening is a Proxy gate. Against a standard reaper expand, you will be able to do many damage and kill the opponent. This replay comes from MaxPax.

After opening with this pressure, you can switch to a standard colossus playstyle. Notes :

  • Send directly a probe close to the terran's base.
  • Keep all your chronoboost for the gate.
  • First pylon in your main for the cybernetic core.
  • First gateway on the proxy pylon.
  • 2 zealots then stalker.

A big thanks to MaxPax for this build order!

VOD

https://youtu.be/ShFKwrGSlV8

Replay - MaxPax v soul - Simulacrum LE

Build Order

Get SALT Encoding   

  12  0:00  Probe  
  13  0:13  Probe  
  14  0:20  Pylon  
  14  0:25  Probe  
  15  0:33  Pylon  
  15  0:38  Probe  
  16  0:50  Probe  
  16  0:51  Gateway  
  17  0:57  Assimilator  
  17  1:02  Probe  
  18  1:14  Probe  
  19  1:26  Probe  
  20  1:38  Zealot (Chrono Boost)  
  22  1:40  Cybernetics Core  
  22  1:53  Nexus  
  22  1:57  Zealot (Chrono Boost)  
  24  2:03  Probe  
  25  2:12  Assimilator  
  24  2:15  Probe, Stalker (Chrono Boost)  
  26  2:41  Adept  
  28  3:03  Warp Gate, Robotics Facility  
  29  3:11  Adept (Chrono Boost)  
  35  3:29  Gateway  
  37  3:38  Stalker (Chrono Boost)  
  41  3:53  Warp Prism  
  45  4:04  Stalker  
  45  4:07  Pylon  
  48  4:32  Observer, Pylon  
  49  4:43  Pylon  
  45  4:45  Assimilator x2  
  45  4:47  Robotics Bay, Gateway  
  45  4:51  Stalker x2  
  52  5:19  Nexus  
  53  5:30  Colossus (Chrono Boost)  
  53  5:31  Stargate  
  60  5:36  Gravitic Drive (Chrono Boost)  
  60  5:41  Zealot x2  
  63  5:44  Observer  
  63  5:47  Sentry  
  69  6:04  Gateway  
  71  6:16  Colossus (Chrono Boost)  
  71  6:23  Phoenix  
  81  6:31  Sentry  
  83  6:32  Zealot  
  88  6:49  Phoenix  
  91  7:00  Colossus (Chrono Boost)  
  92  7:05  Stalker x3  
  106  7:08  Assimilator x2  
  108  7:30  Phoenix  
  108  7:36  Zealot x3  
  108  7:42  Gateway x2  
  106  7:54  Extended Thermal Lance (Chrono Boost)  
  106  7:55  Phoenix (Chrono Boost)  
  109  8:04  Gateway  
  109  8:06  Forge  
  109  8:18  Colossus (Chrono Boost), Phoenix (Chrono Boost)  
  105  8:43  Phoenix  
  110  8:53  Stalker x2  
  111  9:02  Observer  
  111  9:03  Colossus (Chrono Boost)  
  125  9:32  Phoenix  
  128  9:42  Sentry x4  
  136  9:46  Colossus (Chrono Boost)  
Spawning Tool Build Advisor. Get it on Overwolf

Go to:

Details

  • Created by: zuka      
  • Published on: Feb 24, 2020
  • Patch: 4.11.0
Show
View Real Time Build Order
Export as new Build Order

Comments (1)

On Dec. 22, 2020, 8:41 p.m., PashkaTLT  said:

Many pylons missing around 4-8 minutes

Create an account to comment!